 Dungeon Crawl Stone Soup version 0.20.1-1-g8b1a95d (webtiles) character file.

951 Linguinho the Ruffian (level 7, -8/65 HPs)
             Began as a Troll Hunter on Nov 14, 2017.
             Shot with an arrow by a centaur (10 damage)
             ... on level 6 of the Dungeon.
             The game lasted 00:05:59 (3709 turns).

Linguinho the Ruffian (Troll Hunter)                Turns: 3709, Time: 00:06:00

Health: -8/65      AC:  4    Str: 23    XL:     7   Next: 90%
Magic:  6/6        EV: 10    Int:  7    God:
Gold:   287        SH:  0    Dex: 10    Spells: 6/6 levels left

rFire    . . .     SeeInvis .     - Unarmed
rCold    . . .     Gourm    +   (no shield)
rNeg     . . .     Faith    .   b - +0 robe
rPois    .         Spirit   .   (helmet restricted)
rElec    .         Reflect  .   j - -2 cloak (curse)
rCorr    .         Harm     .   (gloves unavailable)
MR       .....                  (boots unavailable)
Stlth    +.........             (no amulet)
Regen    0.6/turn               (no ring)
MPRegen  0.1/turn               (no ring)

@: no status effects
A: unfitting armour, claws 3, fast metabolism 3, gourmand, regeneration 1,
shaggy fur 1, tough skin 2
a: no special abilities


You were on level 6 of the Dungeon.
You were completely stuffed.

You visited 1 branch of the dungeon, and saw 6 of its levels.

You collected 287 gold pieces.

Inventory:

Missiles
 d - a throwing net (quivered)
Armour
 b - a +0 robe (worn)
 j - a cursed -2 cloak (worn)
Jewellery
 l - an uncursed ring of ice {unknown}
 o - an uncursed amulet of magic regeneration {unknown}
 s - an uncursed ring of stealth {unknown}
 C - a cursed ring of teleportation {unknown}
Wands
 t - a wand of iceblast (5/15)
 A - a wand of lightning (6/15)
Scrolls
 i - 4 scrolls of teleportation {unknown}
 k - 2 scrolls of noise {unknown}
 m - a scroll of fear {unknown}
 r - 3 scrolls of remove curse {unknown}
 u - 4 scrolls of identify {unknown}
 y - 2 scrolls of immolation {unknown}
 z - 3 scrolls of recharging {unknown}
 B - a scroll of enchant weapon {unknown}
 D - a scroll of blinking {unknown}
Potions
 a - a potion of cancellation {unknown}
 e - a potion of magic {unknown}
 g - a potion of berserk rage {unknown}
 h - 3 potions of heal wounds {unknown}
 p - a potion of might {unknown}
 w - 2 potions of curing {unknown}
 x - a potion of brilliance {unknown}
 E - 2 potions of haste {unknown}
Comestibles
 f - 4 bread rations
 q - 2 royal jellies
 v - a meat ration
 F - 2 chunks of flesh


   Skills:
 + Level 2.2 Fighting
 * Level 4.8 Throwing
 + Level 3.1 Dodging
 - Level 0.3 Stealth
 * Level 7.0 Unarmed Combat
 * Level 1.0 Evocations


You had 6 spell levels left.
You didn't know any spells.

Dungeon Overview and Level Annotations

Branches:
Dungeon (6/15)
 Temple: D:4-7

Altars:
Gozag
Qazlal
Ru
Vehumet
Xom
Yredelemnul
Zin


Innate Abilities, Weirdness & Mutations

You are too large for most types of armour.
You have claws for hands.
Your metabolism is lightning-fast.
You like to eat raw meat.
Your natural rate of healing is unusually fast.
You are covered in fur. (AC +1)
You have very tough skin. (AC +2)


Message History

You hear a splash.
The centaur shoots an arrow.
The arrow hits you.
You hear a splash.
The centaur shoots an arrow.
The arrow hits you!
You hear a splash.
The centaur shoots an arrow.
The arrow barely misses you.
The centaur shoots an arrow.
The arrow hits you but does no damage.
You see here 3 arrows.
The centaur shoots an arrow.
The arrow hits you.
The centaur shoots an arrow.
The arrow hits you!
The centaur shoots an arrow.
The arrow hits you!
* * * LOW HITPOINT WARNING * * *
You see here 4 arrows.
The centaur shoots an arrow.
The arrow completely misses you.
The centaur shoots an arrow.
The arrow hits you.
* * * LOW HITPOINT WARNING * * *
You see here an arrow.
The centaur shoots an arrow.
The arrow hits you!
* * * LOW HITPOINT WARNING * * *
The centaur shoots an arrow.
The arrow hits you!
You die...

#....####.#####.#..≈≈≈≈≈≈≈≈≈≈≈≈≈
#....##.........#..≈≈≈≈≈≈≈≈≈≈≈≈≈
#######.#.#######..≈≈≈≈≈≈≈≈≈≈≈≈≈
#.#.# #..≈≈≈≈≈≈≈≈≈≈≈≈≈ ##+#.####
#..≈≈≈≈≈...≈≈≈≈≈ #.......#
#..≈≈≈c≈...≈≈≈≈≈ #.......#
#..≈≈≈≈c...
#.......####(.≈≈c≈≈≈≈≈
#.........(@(((≈≈≈≈≈≈≈
#........####(≈≈≈≈≈≈≈≈
#........# #.≈≈≈≈≈≈≈≈ #........#
#.≈≈≈≈≈≈≈≈ ########.# ..........
#.# ###.####### #.# #.# #.# #.#
#.#


You could see 3 centaurs.

Vanquished Creatures
  Edmund (D:6)
  A phantom (D:5)
  2 centaurs
  2 ogres
  A bullfrog (D:3)
  An orc priest (D:4)
  A hound (D:5)
  An iguana (D:6)
  2 worker ants (D:4)
  A gnoll (D:1)
  9 adders
  2 oozes
  An adder skeleton (D:4)
  3 worms
  A dart slug (D:1)
  6 leopard geckos
  5 orcs
  2 ball pythons (D:3)
  12 bats
  7 giant cockroaches
  4 goblins
  5 hobgoblins
  8 jackals
  7 kobolds
  2 quokkas (D:3)
  11 frilled lizards
  A quokka skeleton (D:4)
  13 rats
112 creatures vanquished.

Notes
Turn   | Place    | Note
-------+----------+-------------------------------------------
     0 | D:1      | Linguinho the Troll Hunter began the quest for the Orb.
     0 | D:1      | Reached XP level 1. HP: 19/19 MP: 0/0
   234 | D:1      | Reached XP level 2. HP: 28/28 MP: 1/1
   300 | D:1      | Reached skill level 1 in Unarmed Combat
   414 | D:1      | Reached XP level 3. HP: 24/35 MP: 2/2
   698 | D:2      | Reached skill level 2 in Unarmed Combat
   838 | D:2      | Reached XP level 4. HP: 34/42 MP: 3/3
  1175 | D:2      | Found a sacrificial altar of Ru.
  1370 | D:3      | Reached skill level 3 in Unarmed Combat
  1516 | D:3      | Reached XP level 5. HP: 45/49 MP: 4/4
  1758 | D:3      | Found a shimmering altar of Xom.
  1844 | D:3      | Reached skill level 4 in Unarmed Combat
  2044 | D:4      | Reached XP level 6. HP: 43/57 MP: 5/5
  2582 | D:4      | Reached skill level 5 in Unarmed Combat
  2692 | D:4      | Found a glowing silver altar of Zin.
  2699 | D:4      | Found an opulent altar of Gozag.
  2704 | D:4      | Found a radiant altar of Vehumet.
  2771 | D:5      | Entered Level 5 of the Dungeon
  2841 | D:5      | Reached XP level 7. HP: 31/65 MP: 6/6
  2928 | D:5      | Reached skill level 6 in Unarmed Combat
  2968 | D:5      | Found a stormy altar of Qazlal.
  3208 | D:5      | Found a basalt altar of Yredelemnul.
  3248 | D:5      | You fall through a shaft!
  3474 | D:6      | Noticed Edmund
  3486 | D:6      | Killed Edmund
  3486 | D:6      | Reached skill level 1 in Evocations
  3613 | D:6      | Reached skill level 7 in Unarmed Combat
  3709 | D:6      | HP: 2/65 [centaur/arrow (9)]
  3709 | D:6      | Shot with an arrow by a centaur

Skill      XL: |  1  2  3  4  5  6  7 |
---------------+----------------------+-----
Unarmed Combat | 1 2 3 4 5 7 |  7.0
Throwing       | 4 |  4.8
Dodging        | 2 3 |  3.1
Fighting       | 2 |  2.2
Evocations     | 1 |  1.0
Stealth        | |  0.3

Action                   |  1- 3 |  4- 6 |  7- 9 || total
-------------------------+-------+-------+-------++-------
Melee: Unarmed           |   115 |   183 |    43 ||   341
       Punch             |       |     1 |     2 ||     3
Throw: Large rock        |       |     1 |     6 ||     7
       Tomahawk          |       |       |     6 ||     6
       Throwing net      |       |       |     1 ||     1
 Stab: Sleeping          |     3 |     1 |       ||     4
  Eat: Chunk             |    13 |    18 |     9 ||    40
Armor: Robe              |    55 |    60 |     8 ||   123
Dodge: Dodged            |    66 |   109 |    31 ||   206
